BSA
CHICAGO MACHINE @ JERSEY SHORE D-BAGS
09/26/2027
 
TOP OF THE 1ST
Chicago Machine batting - Pitching for Jersey Shore D-Bags : RHP José Ramos
Pitching: RHP José Ramos
Batting: LHB Fernando Ortíz 0-0: Ball
1-0: Called Strike
1-1: Ball
2-1: Foul Ball, location: 2F
2-2: Ground out U3 (Groundball, 3)
Batting: LHB Bob Smith 0-0: Foul Ball, location: 2F
0-1: Ball
1-1: Ball
2-1: Ball
3-1: Swinging Strike
3-2: Strikes out swinging
Batting: RHB Doug Stephens 0-0: Ball
1-0: Fly out, F8 (Flyball, 8RM)
Top of the 1st over - 0 run(s), 0 hit(s), 0 error(s), 0 left on base; Chicago 0 - Jersey Shore 0
BOTTOM OF THE 1ST
Jersey Shore D-Bags batting - Pitching for Chicago Machine : RHP Aaron Thrash
Pitching: RHP Aaron Thrash
Batting: RHB Ricardo González 0-0: Called Strike
0-1: Called Strike
0-2: Ball
1-2: Ball
2-2: Foul Ball, location: 2F
2-2: Foul Ball, location: 2F
2-2: Ground out 6-3 (Groundball, 6)
Batting: RHB Millard Boyd 0-0: Foul Ball, location: 2F
0-1: Swinging Strike
0-2: Ball
1-2: Strikes out looking
Batting: LHB Dave Dodd 0-0: SINGLE (Line Drive, 6D)
Batting: RHB Eugenio Lucero 0-0: Ball
1-0: Called Strike
1-1: Called Strike
1-2: Ground out 5-3 (Groundball, 56S)
Bottom of the 1st over - 0 run(s), 1 hit(s), 0 error(s), 1 left on base; Chicago 0 - Jersey Shore 0
TOP OF THE 2ND
Chicago Machine batting - Pitching for Jersey Shore D-Bags : RHP José Ramos
Batting: LHB Kiyonaga Morita 0-0: Ball
1-0: Ball
2-0: Called Strike
2-1: Ground out U3 (Groundball, 3)
Batting: RHB Matt Doyle 0-0: SINGLE (Groundball, 34D)
Batting: RHB Lorenzo Guzmán 0-0: Ball
1-0: Foul Ball, location: 2F
1-1: Called Strike
1-2: Foul Ball, location: 2F
1-2: Ball
2-2: Ball
3-2: SINGLE (Groundball, 56D)
Matt Doyle to second
Batting: RHB Sam Wallace 0-0: Ball
1-0: Foul Ball, location: 2F
1-1: Called Strike
1-2: Ball
2-2: Fly out, F2 (Popup, 3S)
Batting: SHB Jesús Ramírez 0-0: Ball
1-0: Ball
2-0: Foul Ball, location: 2F
2-1: Called Strike
2-2: Ball
3-2: Strikes out swinging
Top of the 2nd over - 0 run(s), 2 hit(s), 0 error(s), 2 left on base; Chicago 0 - Jersey Shore 0
BOTTOM OF THE 2ND
Jersey Shore D-Bags batting - Pitching for Chicago Machine : RHP Aaron Thrash
Batting: LHB Dave Watt 0-0: SOLO HOME RUN (Flyball, 9LD), Distance : 363 ft
Batting: RHB Ben Morton 0-0: Called Strike
0-1: Swinging Strike
0-2: Ball
1-2: Foul Ball, location: 2F
1-2: Ball
2-2: Ball
3-2: Strikes out swinging
Batting: RHB Alfredo Rivera 0-0: Foul Ball, location: 2F
0-1: Ball
1-1: Swinging Strike
1-2: Ball
2-2: Ball
3-2: Base on Balls
Batting: RHB Luis Ríos 0-0: SINGLE (Groundball, 4MD)
Alfredo Rivera to second
Alfredo Rivera to third
Batting: RHB Cy Keynes 0-0: Foul Ball, location: 2F
0-1: Ball
1-1: Ball
2-1: Foul Ball, location: 2F
2-2: Strikes out swinging
Batting: RHB Ricardo González 0-0: SINGLE (Line Drive, 7S)
Alfredo Rivera scores
Luis Ríos to second
Batting: RHB Millard Boyd 0-0: Ball
1-0: Ball
2-0: Ball
3-0: Base on Balls
Luis Ríos to third
Ricardo González to second
Batting: LHB Dave Dodd 0-0: Ball
1-0: Ball
2-0: Called Strike
2-1: Ball
3-1: Fly out, F6 (Line Drive, 6M)
Bottom of the 2nd over - 2 run(s), 3 hit(s), 0 error(s), 3 left on base; Chicago 0 - Jersey Shore 2
TOP OF THE 3RD
Chicago Machine batting - Pitching for Jersey Shore D-Bags : RHP José Ramos
Batting: SHB Edward Bartlett 0-0: Ball
1-0: Ground out 4-3 (Groundball, 4)
Batting: LHB Fernando Ortíz 0-0: Ground out U3 (Groundball, 3)
Batting: LHB Bob Smith 0-0: Ball
1-0: SINGLE (Groundball, 34D)
Batting: RHB Doug Stephens 0-0: Called Strike
0-1: Foul Ball, location: 2F
0-2: Foul Ball, location: 2F
0-2: Fielders Choice at 2nd, 6-4 (Groundball, 6)
Top of the 3rd over - 0 run(s), 1 hit(s), 0 error(s), 0 left on base; Chicago 0 - Jersey Shore 2
BOTTOM OF THE 3RD
Jersey Shore D-Bags batting - Pitching for Chicago Machine : RHP Aaron Thrash
Batting: RHB Eugenio Lucero 0-0: Called Strike
0-1: Ball
1-1: Foul Ball, location: 2F
1-2: Ground out 4-3 (Groundball, 4S)
Batting: LHB Dave Watt 0-0: Called Strike
0-1: Foul Ball, location: 2F
0-2: Foul Ball, location: 2F
0-2: Ball
1-2: Ball
2-2: Ground out 4-3 (Groundball, 4M)
Batting: RHB Ben Morton 0-0: Ball
1-0: Ball
2-0: Ball
3-0: Called Strike
3-1: Foul Ball, location: 2F
3-2: Base on Balls
Batting: RHB Alfredo Rivera 0-0: Swinging Strike
0-1: Called Strike
0-2: Ball
1-2: Ball
2-2: Strikes out swinging
Bottom of the 3rd over - 0 run(s), 0 hit(s), 0 error(s), 1 left on base; Chicago 0 - Jersey Shore 2
TOP OF THE 4TH
Chicago Machine batting - Pitching for Jersey Shore D-Bags : RHP José Ramos
Batting: LHB Kiyonaga Morita 0-0: Called Strike
0-1: Ball
1-1: Ball
2-1: Foul Ball, location: 2F
2-2: Ball
3-2: SINGLE (Line Drive, 78S)
Batting: RHB Matt Doyle 0-0: Ball
1-0: Ball
2-0: Grounds into double play, 4-6-3 (Groundball, 4)
Batting: RHB Lorenzo Guzmán 0-0: Ball
1-0: SINGLE (Groundball, 56D)
Batting: RHB Sam Wallace 0-0: Called Strike
0-1: Fielders Choice at 2nd, 5-4 (Groundball, 5)
Top of the 4th over - 0 run(s), 2 hit(s), 0 error(s), 0 left on base; Chicago 0 - Jersey Shore 2
BOTTOM OF THE 4TH
Jersey Shore D-Bags batting - Pitching for Chicago Machine : RHP Aaron Thrash
Batting: RHB Luis Ríos 0-0: Called Strike
0-1: Swinging Strike
0-2: Ball
1-2: Ball
2-2: Ground out 5-3 (Groundball, 5)
Batting: RHB Cy Keynes 0-0: Called Strike
0-1: Fly out, F9 (Line Drive, 9)
Batting: RHB Ricardo González 0-0: Ball
1-0: Ball
2-0: Called Strike
2-1: Swinging Strike
2-2: Ball
3-2: Foul Ball, location: 2F
3-2: Fly out, F9 (Flyball, 9S)
Bottom of the 4th over - 0 run(s), 0 hit(s), 0 error(s), 0 left on base; Chicago 0 - Jersey Shore 2
TOP OF THE 5TH
Chicago Machine batting - Pitching for Jersey Shore D-Bags : RHP José Ramos
Batting: SHB Jesús Ramírez 0-0: Ball
1-0: Bunt for hit - play at first, batter OUT! 5-3
Batting: SHB Edward Bartlett 0-0: Ball
1-0: Called Strike
1-1: Called Strike
1-2: Ball
2-2: Strikes out looking
Batting: LHB Fernando Ortíz 0-0: Ground out 4-3 (Groundball, 4)
Top of the 5th over - 0 run(s), 0 hit(s), 0 error(s), 0 left on base; Chicago 0 - Jersey Shore 2
BOTTOM OF THE 5TH
Jersey Shore D-Bags batting - Pitching for Chicago Machine : RHP Aaron Thrash
Batting: RHB Millard Boyd 0-0: Ball
1-0: Ball
2-0: Ball
3-0: Called Strike
3-1: Swinging Strike
3-2: Strikes out swinging
Batting: LHB Dave Dodd 0-0: Ball
1-0: Ground out 6-3 (Groundball, 6)
Batting: RHB Eugenio Lucero 0-0: Ball
1-0: Ball
2-0: Called Strike
2-1: Swinging Strike
2-2: SINGLE (Flyball, 8RS)
Batting: LHB Dave Watt 0-0: Called Strike
0-1: 2-RUN HOME RUN (Flyball, 89XD), Distance : 416 ft
Batting: RHB Ben Morton 0-0: Ball
1-0: Called Strike
1-1: Foul Ball, location: 2F
1-2: Foul Ball, location: 2F
1-2: Ball
2-2: SINGLE (Line Drive, 89S)
Pitching: RHP Zózimo Pascoal
Batting: RHB Alfredo Rivera 0-0: Called Strike
0-1: Ball
1-1: Ball
2-1: DOUBLE (Line Drive, 78M)
Ben Morton to third
Runner from 3rd tries for Home, SAFE, no throw
Batting: RHB Luis Ríos 0-0: Ball
1-0: Swinging Strike
1-1: Ball
2-1: Foul Ball, location: 2F
2-2: Strikes out swinging
Bottom of the 5th over - 3 run(s), 4 hit(s), 0 error(s), 1 left on base; Chicago 0 - Jersey Shore 5
TOP OF THE 6TH
Chicago Machine batting - Pitching for Jersey Shore D-Bags : RHP José Ramos
Batting: LHB Bob Smith 0-0: Called Strike
0-1: Fly out, F7 (Flyball, 78S)
Batting: RHB Doug Stephens 0-0: Called Strike
0-1: Ball
1-1: Ground out 6-3 (Groundball, 6)
Batting: LHB Kiyonaga Morita 0-0: Ball
1-0: Fly out, F6 (Popup, 6)
Top of the 6th over - 0 run(s), 0 hit(s), 0 error(s), 0 left on base; Chicago 0 - Jersey Shore 5
BOTTOM OF THE 6TH
Jersey Shore D-Bags batting - Pitching for Chicago Machine : RHP Zózimo Pascoal
Batting: RHB Cy Keynes 0-0: Ball
1-0: SINGLE (Groundball, P) (infield hit)
Batting: RHB Ricardo González 0-0: Fly out, F9 (Flyball, 89M)
Batting: RHB Millard Boyd 0-0: Called Strike
Cy Keynes is caught stealing 2nd base
0-1: Foul Ball, location: 2F
0-2: Ball
1-2: Strikes out swinging
Bottom of the 6th over - 0 run(s), 1 hit(s), 0 error(s), 0 left on base; Chicago 0 - Jersey Shore 5
TOP OF THE 7TH
Chicago Machine batting - Pitching for Jersey Shore D-Bags : RHP José Ramos
Batting: RHB Matt Doyle 0-0: Foul Ball, location: 2F
0-1: Foul Ball, location: 2F
0-2: Foul Ball, location: 2F
0-2: Ball
1-2: Ball
2-2: Foul Ball, location: 2F
2-2: Ball
3-2: Strikes out swinging
Batting: RHB Lorenzo Guzmán 0-0: Called Strike
0-1: Ball
1-1: Swinging Strike
1-2: Ball
2-2: Strikes out swinging
Batting: RHB Sam Wallace 0-0: Ball
1-0: DOUBLE (Flyball, 8RD)
Batting: SHB Jesús Ramírez 0-0: Swinging Strike
0-1: Foul Ball, location: 2F
0-2: Ball
1-2: Ball
2-2: Foul Ball, location: 2F
2-2: Fly out, F8 (Line Drive, 89XD)
Top of the 7th over - 0 run(s), 1 hit(s), 0 error(s), 1 left on base; Chicago 0 - Jersey Shore 5
BOTTOM OF THE 7TH
Jersey Shore D-Bags batting - Pitching for Chicago Machine : RHP Zózimo Pascoal
Batting: LHB Dave Dodd 0-0: Called Strike
0-1: Ground out 5-3 (Groundball, 5)
Batting: RHB Eugenio Lucero 0-0: Ball
1-0: Ball
2-0: Called Strike
2-1: Foul Ball, location: 2F
2-2: Ball
3-2: Base on Balls
Batting: LHB Dave Watt 0-0: Called Strike
0-1: Fly out, F7 (Flyball, 78M)
Batting: RHB Ben Morton 0-0: Ball
1-0: Ball
2-0: Ball
3-0: Base on Balls
Eugenio Lucero to second
Pitching: RHP Shiki Kanno
Batting: RHB Alfredo Rivera 0-0: Called Strike
0-1: Ball
1-1: Swinging Strike
1-2: SINGLE (Groundball, 34D)
Eugenio Lucero to third
Ben Morton to second
Runner from 3rd tries for Home, SAFE, throw made at trailing runner, SAFE at third!
Batting: RHB Luis Ríos 0-0: Foul Ball, location: 2F
0-1: Fielders Choice at 2nd, 5-4 (Groundball, 56)
Bottom of the 7th over - 1 run(s), 1 hit(s), 0 error(s), 1 left on base; Chicago 0 - Jersey Shore 6
TOP OF THE 8TH
Chicago Machine batting - Pitching for Jersey Shore D-Bags : RHP José Ramos
Batting: SHB Edward Bartlett 0-0: Ground out U3 (Groundball, 3L)
Batting: LHB Fernando Ortíz 0-0: Ball
1-0: SINGLE (Groundball, 34D)
Batting: LHB Bob Smith 0-0: Swinging Strike
0-1: Fielders Choice at 2nd, 4-6 (Groundball, 34)
Batting: RHB Doug Stephens 0-0: Ball
1-0: Ball
2-0: Ball
3-0: Fly out, F9 (Flyball, 9S)
Top of the 8th over - 0 run(s), 1 hit(s), 0 error(s), 1 left on base; Chicago 0 - Jersey Shore 6
BOTTOM OF THE 8TH
Jersey Shore D-Bags batting - Pitching for Chicago Machine : RHP Shiki Kanno
Batting: RHB Cy Keynes 0-0: Ball
1-0: TRIPLE (Flyball, 8RXD)
Batting: RHB Ricardo González 0-0: Foul Ball, location: 2F
0-1: Ball
1-1: Foul Ball, location: 2F
1-2: Ball
2-2: Ball
3-2: Foul Ball, location: 2F
3-2: Base on Balls
Batting: RHB Millard Boyd 0-0: Ball
1-0: Ball
2-0: Ball
3-0: Called Strike
3-1: Base on Balls
Ricardo González to second
Batting: LHB Dave Dodd 0-0: Called Strike
0-1: Ball
1-1: Grounds into double play, 3-6-4 (Groundball, 34)
Cy Keynes scores
Ricardo González to third
Batting: RHB Eugenio Lucero 0-0: Ball
1-0: Ground out 5-3 (Groundball, 56)
Bottom of the 8th over - 1 run(s), 1 hit(s), 0 error(s), 1 left on base; Chicago 0 - Jersey Shore 7
TOP OF THE 9TH
Chicago Machine batting - Pitching for Jersey Shore D-Bags : RHP José Ramos
Batting: LHB Kiyonaga Morita 0-0: Ground out 5-3 (Groundball, 56)
Batting: RHB Matt Doyle 0-0: Ball
1-0: Swinging Strike
1-1: Fly out, F9 (Flyball, 89D)
Batting: RHB Lorenzo Guzmán 0-0: Ground out 4-3 (Groundball, 4)
Top of the 9th over - 0 run(s), 0 hit(s), 0 error(s), 0 left on base; Chicago 0 - Jersey Shore 7
Thursday, March 30th, 2017 - OOTP Baseball 17.12 Build 75